 Dungeon Sprint DCSS version 0.27-a0-686-gaed091b46b (webtiles) character file.

Game seed: 5833718967137885800

401 mhtbhm the Basher (level 6, -6/44 HPs)
             Began as a Gargoyle Fighter on Mar 20, 2021.
             Was a Follower of Okawaru.
             Mangled by a flayed ghost (13 damage)
             ... in the Dungeon (Sprint VII: "The Pits").
             The game lasted 00:01:16 (786 turns).

mhtbhm the Basher (Gargoyle Fighter)                 Turns: 786, Time: 00:01:17

Health: -6/44      AC: 18    Str: 21    XL:     6   Next: 85%
Magic:  6/6        EV:  7    Int:  9    God:    Okawaru [*.....]
Gold:   0          SH: 11    Dex:  9    Spells: 5/5 levels left

rFire    . . .     SeeInvis .   a - +2 mace
rCold    . . .     Faith    .   c - +0 kite shield
rNeg     + . .     Spirit   .   b - +3 chain mail
rPois    ∞         Reflect  .   (no helmet)
rElec    +         Harm     .   (no cloak)
rCorr    .         Rampage  .   (no gloves)
Will     .....     NoTele   +   (no boots)
Stlth    ..........             (no amulet)
HPRegen  0.14/turn              (no ring)
MPRegen  0.10/turn              (no ring)

@: no status effects
A: AC +4, negative energy resistance 1, electricity resistance, torment
resistance 1, unbreathing 1, petrification resistance
a: Renounce Religion, Heroism


You were in the Dungeon.
You worshipped Okawaru.
Okawaru was aware of your devotion.
You visited 1 branch

Inventory:

Hand Weapons
 a - a +2 mace (weapon)
Armour
 b - a +3 chain mail (worn)
 c - a +0 kite shield (worn)
Scrolls
 j - a scroll of blinking
 l - 5 scrolls of amnesia
 m - a scroll of summoning
Potions
 d - a potion of might
 e - 3 potions of curing
 f - 3 potions of heal wounds
 g - a potion of haste
 h - 4 potions of magic
 i - 3 potions of berserk rage
 k - 2 potions of invisibility


   Skills:
 + Level 7.7 Fighting
 + Level 8.1 Maces & Flails
 + Level 8.0 Armour
 + Level 2.1 Dodging
 + Level 8.1 Shields


You had 5 spell levels left.
You didn't know any spells.
Your spell library was empty.

Dungeon Overview and Level Annotations

Branches:
Dungeon (1/1)

Altars:
Ashenzari
Cheibriados
Dithmenos
Elyvilon
Fedhas
Gozag
Hepliaklqana
Kikubaaqudgha
Makhleb
Nemelex Xobeh
Okawaru
Qazlal
Ru
Sif Muna
Trog
Uskayaw
Vehumet
Wu Jian
Xom
Yredelemnul
Zin
The Shining One
Beogh
Jiyva
Lugonu


Innate Abilities, Weirdness & Mutations

Your stone body is resilient. (AC +4)
You are immune to poison.
You resist negative energy. (rN+)
You are resistant to electric shocks. (rElec)
You are resistant to unholy torment.
You can survive without breathing.
You are immune to petrification.


Message History

You open the door.
A flayed ghost comes into view.
You hit the flayed ghost.
The flayed ghost is lightly damaged.
The flayed ghost hits you!!
You closely miss the flayed ghost.
The flayed ghost is lightly damaged.
You block the flayed ghost's attack.
You barely miss the flayed ghost.
The flayed ghost is lightly damaged.
The flayed ghost barely misses you.
You closely miss the flayed ghost.
The flayed ghost is lightly damaged.
The flayed ghost hits you but does no damage.
The flayed ghost barely misses you.
You miss the flayed ghost.
The flayed ghost is lightly damaged.
The flayed ghost hits you!
* * * LOW HITPOINT WARNING * * *
You miss the flayed ghost.
The flayed ghost is lightly damaged.
The flayed ghost hits you but does no damage.
You thump the flayed ghost!
The flayed ghost is moderately damaged.
You block the flayed ghost's attack.
You hit the flayed ghost but do no damage.
The flayed ghost is moderately damaged.
You block the flayed ghost's attack.
You feel better. The flayed ghost hits you!
* * * LOW HITPOINT WARNING * * *
You feel better. You block the flayed ghost's attack.
You feel better. The flayed ghost hits you!
You thump the flayed ghost!
The flayed ghost is moderately damaged.
The flayed ghost hits you!
* * * LOW HITPOINT WARNING * * *
You miss the flayed ghost.
The flayed ghost is moderately damaged.
The flayed ghost hits you!
You die...

#†#...)))..##.......#
#)###########.......#
#.......# #########
#.###...# #.#.....#
#.#...#.#+#
#.....#.#.+
#...###.#W#
#.......'@#
###########


You could see a flayed ghost.

Vanquished Creatures
  A warg (D)
  2 gnoll sergeants (D)
  A scorpion (D)
  A worker ant (D)
  3 adders (D)
  5 gnolls (D)
  An ufetubus (D)
  A leopard gecko (D)
  A bat skeleton (D)
  A giant cockroach (D)
  2 hobgoblins (D)
  A bat (D)
  A frilled lizard (D)
21 creatures vanquished.

Notes
Turn   | Place    | Note
-------+----------+-------------------------------------------
     0 | D        | mhtbhm the Gargoyle Fighter began the quest for the Orb.
     0 | D        | Reached XP level 1. HP: 14/14 MP: 1/1
    15 | D        | Reached XP level 2. HP: 13/20 MP: 2/2
    19 | D        | Found a bloodstained altar of Trog.
    19 | D        | Found a shimmering blue altar of Sif Muna.
    19 | D        | Found a viscous altar of Jiyva.
    19 | D        | Found a hazy altar of Hepliaklqana.
    19 | D        | Found an opulent altar of Gozag.
    20 | D        | Found a glowing golden altar of the Shining One.
    20 | D        | Found a glowing silver altar of Zin.
    20 | D        | Found a shimmering altar of Xom.
    20 | D        | Found an ornate altar of the Wu Jian Council.
    20 | D        | Found a sacrificial altar of Ru.
    20 | D        | Found a stormy altar of Qazlal.
    20 | D        | Found an iron altar of Okawaru.
    20 | D        | Found a sparkling altar of Nemelex Xobeh.
    20 | D        | Found a burning altar of Makhleb.
    20 | D        | Found a blossoming altar of Fedhas.
    20 | D        | Found a white marble altar of Elyvilon.
    20 | D        | Found a shadowy altar of Dithmenos.
    20 | D        | Found a snail-covered altar of Cheibriados.
    22 | D        | Found a radiant altar of Vehumet.
    22 | D        | Found a corrupted altar of Lugonu.
    23 | D        | Found a hide-covered altar of Uskayaw.
    23 | D        | Found an ancient bone altar of Kikubaaqudgha.
    23 | D        | Found a broken altar of Ashenzari.
    30 | D        | Became a worshipper of Warmaster Okawaru
   134 | D        | Reached XP level 3. HP: 24/24 MP: 3/3
   150 | D        | Reached skill level 5 in Fighting
   150 | D        | Reached skill level 5 in Armour
   150 | D        | Reached skill level 5 in Shields
   243 | D        | Reached XP level 4. HP: 15/31 MP: 4/4
   458 | D        | Noticed a warg
   464 | D        | Noticed a gnoll sergeant
   482 | D        | Reached * piety under Okawaru
   483 | D        | Reached skill level 1 in Dodging
   483 | D        | Reached XP level 5. HP: 33/36 MP: 5/5
   492 | D        | Reached skill level 5 in Maces & Flails
   501 | D        | Killed a warg
   502 | D        | Reached XP level 6. HP: 36/44 MP: 6/6
   773 | D        | Noticed a flayed ghost
   786 | D        | Mangled by a flayed ghost

Illustrated notes

Levels and vault maps discovered:
D:        pitsprint [storerooms_1, entrance_room_1, metal_vault_5, armoury_2,
          mini_pit_1, grid_room_1, main_hall_1, silver_pit, the_coven_3,
          the_vestibule_1, steel_vault_3, golden_pit, hallway_of_sentries,
          crystal_vault_6, iron_vault_4, final_vault]

Skill      XL: |  1  2  3  4  5  6 |
---------------+-------------------+-----
Fighting       | 4 5 6 7 |  7.7
Armour         | 4 5 6 7 8 |  8.0
Shields        | 4 5 6 7 8 |  8.1
Maces & Flails | 3 4 6 8 |  8.1
Dodging        | 1 2 |  2.1

Action                   |  1- 3 |  4- 6 || total
-------------------------+-------+-------++-------
Melee: Flail             |     4 |       ||     4
       Mace              |    42 |    71 ||   113
  Use: Potion            |       |     6 ||     6
Armor: Scale mail        |    23 |       ||    23
       Chain mail        |       |    39 ||    39
Dodge: Dodged            |    17 |    16 ||    33
Block: Kite shield       |    35 |    54 ||    89

Table legend: (Time is in decaauts)
 A = Elapsed time spent in this place.
 B = Non-inter-level travel time spent in this place.
 C = Inter-level travel time spent in this place.
 D = Time resting spent in this place.
 E = Time spent auto-exploring this place.
 F = Levels seen in this place.
 G = Mean time per level.
                   A        B        C        D        E       F      G
               +--------+--------+--------+--------+--------+-----+--------+
         Total |    825 |    825 |      0 |    491 |     25 |   1 |  825.0 |
       Dungeon |    825 |    825 |      0 |    491 |     25 |   1 |  825.0 |
               +--------+--------+--------+--------+--------+-----+--------+

Top non-repeatable levels by time:
       D: 825 daAuts
